 Dungeon Crawl Stone Soup version 0.31.0-12-g77e489cdc1 (webtiles) character file.

Game seed: 8813012251200115710

16 Arctor the Firebug (level 2, -7/15 HPs)
             Began as a Deep Elf Fire Elementalist on Feb 22, 2024.
             Mangled by a ribbon worm (8 damage)
             ... on level 2 of the Dungeon.
             The game lasted 00:00:49 (908 turns).

Arctor the Firebug (Deep Elf Fire Elementalist)      Turns: 908, Time: 00:00:50

Health: -7/15      AC:  2    Str:  5    XL:     2   Next: 41%
Magic:  1/8        EV:  7    Int: 19    God:
Gold:   36         SH:  0    Dex: 15    Spells: 4/7 levels left

rFire   . . .        i - +1 mace (heavy)
rCold   . . .        (no shield)
rNeg    . . .        a - +0 robe
rPois   .            (no helmet)
rElec   .            (no cloak)
rCorr   .            (no gloves)
SInv    .            (no boots)
Will    .....        (no amulet)
Stlth   ++           (no ring)
HPRegen 0.22/turn    (no ring)
MPRegen 0.11/turn

%: no passive effects
@: lethally poisoned (-7 -> -15), held
A: no striking features
a: no special abilities


You were on level 2 of the Dungeon.
You visited 1 branch of the dungeon, and saw 2 of its levels.

You collected 36 gold pieces.

Inventory:

Hand Weapons
 i - a +1 heavy mace (weapon)
Armour
 a - a +0 robe (worn)
Scrolls
 d - a scroll of teleportation {unknown}
 g - a scroll of blinking {unknown}
 j - a scroll of enchant weapon {unknown}
 k - a scroll of fog {unknown}
Potions
 b - a potion of magic
 c - a potion of resistance {unknown}
 e - a potion of might {unknown}
 f - 2 potions of berserk rage {unknown}
 h - a potion of curing {unknown}
 l - a potion of attraction {unknown}


   Skills:
 + Level 2.7 Dodging
 + Level 2.8 Stealth
 + Level 3.3 Spellcasting
 + Level 1.5 Conjurations
 + Level 3.5 Fire Magic


You had 4 spell levels left.
You knew the following spells:

 Your Spells              Type           Power      Damage    Failure   Level
a - Foxfire               Conj/Fire      48%        2x1d6     5%          1
b - Scorch                Fire           32%        2d6       5%          2

Your spell library contained the following spells:

 Spells                   Type           Power      Damage    Failure   Level
 Freeze                   Ice            12%        1d3       16%         1
 Inner Flame              Hex/Fire       9%         N/A       22%         3
 Volatile Blastmotes      Fire/Tloc      18%        2d11      22%         3
 Hailstorm                Conj/Ice       6%         3d5       32%         3
 Frozen Ramparts          Ice            6%         1d1       41%         3
 Flame Wave               Conj/Fire      12%        2d6       45%         4


Dungeon Overview and Level Annotations

Branches:
Dungeon (2/15)

Altars:


Message History

The ribbon worm is heavily wounded.
The foxfire hits the ribbon worm.
The ribbon worm is severely wounded.
The adder closely misses you.
Your magical contamination has completely faded away.
Casting: Foxfire (safe; 5% risk of failure)
Confirm with . or Enter, or press ? or * to list all spells.
You conjure some foxfire!
The foxfire hits the adder.
The adder is heavily wounded.
Unknown command.
You miss the adder.
The adder is heavily wounded.
The foxfire hits the adder.
The adder is heavily wounded.
The adder completely misses you.
The ribbon worm expels a string of sticky webbing.
The stream of webbing hits you but does no damage.
You are caught in a web!
The adder barely misses you.
The ribbon worm expels a string of sticky webbing.
The stream of webbing hits you but does no damage.
You are even more entangled.
The adder bites you but does no damage.
Casting: Foxfire (safe; 5% risk of failure)
Confirm with . or Enter, or press ? or * to list all spells.
You conjure some foxfire!
The adder bites you. The ribbon worm bites you!
You struggle to detach yourself from the web.
The foxfire hits the ribbon worm.
The ribbon worm is almost dead.
The foxfire hits the adder.
The adder is severely wounded.
The adder bites you.
You are lethally poisoned!
The adder poisons you!
You struggle to detach yourself from the web.
* * * LOW HITPOINT WARNING * * *
You feel sick. The adder bites you.
* * * LOW HITPOINT WARNING * * *
You are more poisoned.
The adder poisons you! The ribbon worm bites you!
Ouch! That really hurt!
You die...

##### #...#
##########...#####
.................#
########.........# #
...# #...<.....#
....###S###.........#
.....Sw@..'.........#
......#.###.........#
..... #.. ##.......##
.... ###. #.....#.#
... .##.....#.# ..
##.....# # . ....♣...
~~~~~..


You could see a ribbon worm (catching breath), an adder and a ball python.

Vanquished Creatures
  2 dart slugs (D:1)
  A bat (D:1)
  2 endoplasms
  A hobgoblin (D:2)
  2 quokkas (D:1)
  A goblin (D:1)
  3 rats
12 creatures vanquished.

Vanquished Creatures (others)
  77 foxfires
77 creatures vanquished.

Grand Total: 89 creatures vanquished

Notes
Turn   | Place    | Note
-------+----------+-------------------------------------------
     0 | D:1      | Arctor the Deep Elf Fire Elementalist began the quest for
                  | the Orb.
     0 | D:1      | Reached XP level 1. HP: 10/10 MP: 6/6
   386 | D:1      | Reached XP level 2. HP: 15/15 MP: 0/8
   474 | D:1      | Learned a level 2 spell: Scorch
   908 | D:2      | Mangled by a ribbon worm

Illustrated notes

Levels and vault maps discovered:
D:1:      minmay_arrival_stone_box, layout_basic, minmay_small_reverse_x
D:2:      layout_basic, serial_bayou_pond_b, minmay_domino_4

Action                     || total
---------------------------++-------
  Melee: Mace              ||     2
   Cast: Foxfire           ||    45
    Use: Scroll            ||     1
 Armour: Robe              ||     8
  Dodge: Dodged            ||     3
